 Dungeon Crawl Stone Soup version 0.25-a0-471-g78e40d7af6 (webtiles) character file.

Game seed: 9045355144213378351, levelgen mode: deterministic

7528 Eurus the Thaumaturge (level 10, 0/76 HPs)
             Began as a Mummy Conjurer on Feb 6, 2020.
             Was a Believer of Ashenzari.
             Shot with a sling bullet by Joseph (20 damage)
             ... on level 1 of the Lair of Beasts.
             The game lasted 00:38:30 (13162 turns).

Eurus the Thaumaturge (Mummy Conjurer)             Turns: 13162, Time: 00:38:30

Health: 0/76       AC:  7    Str: 11    XL:     10   Next: 96%
Magic:  5/24       EV: 12    Int: 21    God:    Ashenzari [**....]
Gold:   494        SH:  5    Dex: 13    Spells: 26/29 levels left

rFire    x . .     SeeInvis .   e - +4 short sword
rCold    + . .     Gourm    .   i - +0 buckler
rNeg     + + +     Faith    .   a - +0 robe
rPois    ∞         Spirit   .   t - +0 helmet {Int+3} (curse)
rElec    .         Reflect  .   (no cloak)
rCorr    +         Harm     .   c - +0 pair of gloves
MR       +....                  u - +2 pair of boots
Stlth    ++........             k - amulet of regeneration
HPRegen  0.62/turn              l - ring of resist corrosion
MPRegen  0.19/turn              (no ring)

@: no status effects
A: no food or potions, fire vulnerability, cold resistance 1, negative energy
resistance 3, torment resistance, unbreathing
a: Curse Item, Scrying, Renounce Religion


You were on level 1 of the Lair of Beasts.
You worshipped Ashenzari.
Ashenzari was pleased with you.
You were not hungry.

You visited 3 branches of the dungeon, and saw 13 of its levels.

You collected 494 gold pieces.

Inventory:

Hand Weapons
 e - a +4 short sword (weapon)
 s - a +0 quarterstaff
Armour
 a - a +0 robe (worn)
 c - a +0 pair of gloves (worn)
 h - a +0 shield
 i - a +0 buckler (worn)
 t - a cursed +0 helmet of intelligence (worn)
 u - a +2 pair of boots (worn)
Jewellery
 b - an uncursed amulet of the acrobat
 k - an amulet of regeneration (around neck)
 l - a ring of resist corrosion (left hand)
Wands
 d - a wand of clouds (5)
 f - a wand of disintegration (30)
 m - a wand of paralysis (9)
 q - a wand of flame (42)
 v - a wand of polymorph (8)
Scrolls
 g - 2 scrolls of blinking
 j - 3 scrolls of identify
 n - 3 scrolls of teleportation
 o - 4 scrolls of enchant armour
 p - 2 scrolls of remove curse
 r - a scroll of immolation
 w - a scroll of amnesia
 x - 2 scrolls of fog


   Skills:
 - Level 6.0 Fighting
 + Level 5.3 Staves
 - Level 1.5 Dodging
 - Level 1.5 Stealth
 + Level 5.8 Shields
 - Level 10.0 Spellcasting
 + Level 8.6 Conjurations


You had 26 spell levels left.
You knew the following spells:

 Your Spells              Type           Power        Failure   Level  Hunger
a - Magic Dart            Conj           ####         1%          1    N/A
b - Searing Ray           Conj           #####.       1%          2    N/A

Your spell library contained the following spells:

 Spells                   Type           Power        Failure   Level  Hunger
 Dazzling Flash           Conj/Hex       ####..       3%          3    N/A
 Slow                     Hex            ##......     10%         2    N/A
 Fulminant Prism          Conj/Hex       ####......   11%         4    N/A
 Iskenderun's Mystic Bla  Conj/Tloc      ####....     11%         4    N/A
 Leda's Liquefaction      Hex/Erth       ##........   54%         4    N/A
 Silence                  Hex/Air        ##........   87%         5    N/A

Dungeon Overview and Level Annotations

Branches:
Dungeon (11/15)            Temple (1/1) D:4            Lair (1/6) D:8
    Orc: D:9-12

Altars:
Ashenzari
Cheibriados
Dithmenos
Elyvilon
Fedhas
Gozag
Kikubaaqudgha
Makhleb
Nemelex Xobeh
Okawaru
Qazlal
Ru
Sif Muna
Trog
Uskayaw
Vehumet
Wu Jian
Xom
Yredelemnul
Zin
The Shining One

Annotations:
D:6 3 runed translucent doors, anet's ghost, novice DEWz
D:7 2 runed translucent doors, exclusion: soldier ant
D:8 3 runed translucent doors, Conn's ghost, novice OpWz; Nattfarinn's ghost, novice VSAs
D:10 Erolcha
Lair:1 Joseph


Innate Abilities, Weirdness & Mutations

You do not eat or drink.
Your flesh is vulnerable to fire.
You are immune to poison.
Your flesh is cold resistant. (rC+)
You are immune to negative energy. (rN+++)
You are immune to unholy pain and torment.
You can survive without breathing.


Message History

Casting: Searing Ray (safe; 1% risk of failure)
Confirm with . or Enter, or press ? or * to list all spells.
Aiming: Searing Ray (safe; 1% risk of failure)
Press: ? - help, Shift-Dir - straight line, f/p - Joseph
Aim: Joseph, wielding a +0 hunting sling, wearing a +0 ring mail and quivering 4 sling bullets (heavily wounded)
The searing ray misses Joseph. (Press . to maintain the ray.) Joseph shoots a sling bullet.
The sling bullet hits you!!
The searing ray hits Joseph.
Joseph is severely wounded.
Joseph shoots a sling bullet.
The sling bullet hits you!
The searing ray hits Joseph!
Joseph is severely wounded.
Joseph says, "I'm happy to see you. And I'll be happy to kill you."
Joseph shoots a sling bullet.
The sling bullet hits you!
* * * LOW HITPOINT WARNING * * *
The searing ray misses Joseph.
You finish channeling your searing ray.
Joseph says, "Return every stolen item!"
Joseph shoots a sling bullet.
The sling bullet hits you!!
You die...

* * .......#
#......# #.......*
##......#
#.......# #......#
#* *#.....(#####.P
, *
.#.....@....... ,
, ...............
,
.....@.........,,,
* ...............
, ,
...............
............... ,,
...............,,
* , ,
...............,
............... ,


You could see Joseph.

Vanquished Creatures
  Pikel (D:3)
  A troll (D:10)
  A hippogriff (D:9)
  Sigmund (D:5)
  Eustachio (D:6)
  6 yaks
  2 hungry ghosts (D:8)
  A steam dragon (D:10)
  3 orc warriors
  Purgy (D:4)
  A porcupine (D:8)
  2 hornet zombies
  3 ice beasts
  2 sky beasts
  2 phantoms
  4 black bears (D:8)
  A necrophage (D:4)
  4 centaurs
  4 ogres
  A crocodile (D:8)
  7 bullfrogs
  4 big kobolds
  A gnoll sergeant (D:7)
  A water moccasin skeleton (D:9)
  3 scorpions
  5 killer bees (D:10)
  3 howler monkeys (D:8)
  3 crimson imps
  4 jellies
  4 hounds
  3 orc priests
  2 bullfrog skeletons (D:9)
  4 iguanas
  4 orc wizards
  Ijyb (D:5)
  Jessica (D:3)
  5 worker ants
  A human simulacrum (D:9)
  A hound skeleton (D:7)
  Robin (D:3)
  13 adders
  5 gnolls (D:7)
  A howler monkey skeleton (D:7)
  4 shadow imps
  An adder zombie (D:7)
  2 oozes
  An adder skeleton (D:7)
  4 worms
  2 dart slugs
  3 leopard geckos
  21 orcs
  2 ball pythons
  10 bats
  5 giant cockroaches
  12 hobgoblins
  25 jackals
  8 quokkas
  A ball python zombie (D:5)
  5 frilled lizards
  18 goblins
  A jackal skeleton (D:6)
  40 kobolds
  A leopard gecko skeleton (D:5)
  A quokka skeleton (D:4)
  9 rats
295 creatures vanquished.

Vanquished Creatures (others)
  A two-headed ogre (D:9)
  3 orc wizards (D:9)
  A human simulacrum (D:9)
  A hound zombie (D:9)
  2 orcs (D:9)
  A quokka (D:9)
  19 fungi (D:8)
  6 plants (D:8)
34 creatures vanquished.

Grand Total: 329 creatures vanquished

Notes
Turn   | Place    | Note
-------+----------+-------------------------------------------
     0 | D:1      | Eurus the Mummy Conjurer began the quest for the Orb.
     0 | D:1      | Reached XP level 1. HP: 13/13 MP: 4/4
   248 | D:1      | Reached skill level 3 in Spellcasting
   248 | D:1      | Reached XP level 2. HP: 18/20 MP: 3/6
   252 | D:1      | Learned a level 2 spell: Searing Ray
   377 | D:1      | Reached skill level 1 in Fighting
   811 | D:1      | Reached XP level 3. HP: 23/26 MP: 0/7
  1642 | D:2      | Reached XP level 4. HP: 20/33 MP: 4/9
  1883 | D:2      | Noticed an ogre
  2040 | D:2      | Reached skill level 4 in Spellcasting
  2247 | D:2      | Found a blossoming altar of Fedhas.
  2682 | D:3      | Reached XP level 5. HP: 38/38 MP: 9/11
  2780 | D:3      | Reached skill level 1 in Shields
  3150 | D:3      | Noticed Robin
  3183 | D:3      | Killed Robin
  3299 | D:3      | Noticed Jessica
  3315 | D:3      | Killed Jessica
  3927 | D:4      | Noticed a necrophage
  3956 | D:4      | Killed a necrophage
  3956 | D:4      | Reached skill level 5 in Spellcasting
  3956 | D:4      | Reached XP level 6. HP: 44/44 MP: 6/13
  4041 | D:4      | Found a staircase to the Ecumenical Temple.
  4048 | Temple   | Entered the Ecumenical Temple
  4426 | D:4      | Reached XP level 7. HP: 50/50 MP: 11/15
  5005 | D:4      | Found a shattered altar of Ashenzari.
  5008 | D:4      | Became a worshipper of Ashenzari the Shackled
  5027 | D:4      | Noticed Purgy
  5038 | D:4      | Killed Purgy
  5038 | D:4      | Reached skill level 6 in Spellcasting
  5038 | D:4      | Reached skill level 5 in Conjurations
  5439 | D:4      | Noticed Pikel
  5534 | D:3      | Killed Pikel
  5534 | D:3      | Reached skill level 7 in Spellcasting
  5534 | D:3      | Reached XP level 8. HP: 45/56 MP: 0/18
  5681 | D:5      | Entered Level 5 of the Dungeon
  5788 | D:5      | Noticed Ijyb
  5943 | D:5      | Killed Ijyb
  6001 | D:5      | Found a stormy altar of Qazlal.
  6002 | D:5      | Found a radiant altar of Vehumet.
  6420 | D:5      | Found a white marble altar of Elyvilon.
  6457 | D:5      | Noticed Sigmund
  6681 | D:5      | Reached skill level 8 in Spellcasting
  6965 | D:6      | Noticed Eustachio
  6998 | D:6      | Killed Eustachio
  6998 | D:6      | Reached skill level 5 in Shields
  7346 | D:6      | Reached XP level 9. HP: 62/62 MP: 18/21
  7561 | D:6      | Reached skill level 1 in Staves
  7664 | D:6      | Reached * piety under Ashenzari
  7739 | D:6      | Found a runed translucent gate.
  7739 | D:6      | Found a runed translucent gate.
  7739 | D:6      | Found a runed translucent gate.
  7742 | D:6      | Noticed anet's ghost (novice DEWz)
  7904 | D:5      | Killed Sigmund
  7989 | D:5      | Found a glowing golden altar of the Shining One.
  8002 | D:5      | Found a burning altar of Makhleb.
  8117 | D:6      | Reached skill level 9 in Spellcasting
  8422 | D:7      | Found a runed translucent door.
  8428 | D:7      | Found a runed translucent door.
  9536 | D:7      | Reached XP level 10. HP: 40/73 MP: 9/23
  9672 | D:8      | Reached skill level 10 in Spellcasting
  9689 | D:8      | Reached skill level 5 in Fighting
  9690 | D:8      | Found a staircase to the Lair.
 10312 | D:8      | Found a runed translucent gate.
 10312 | D:8      | Noticed Conn's ghost (novice OpWz)
 10312 | D:8      | Noticed Nattfarinn's ghost (novice VSAs)
 10313 | D:8      | Found a runed translucent gate.
 10313 | D:8      | Found a runed translucent gate.
 10565 | D:9      | Killed a two-headed ogre
 11390 | D:10     | Entered Level 10 of the Dungeon
 11926 | D:10     | Reached skill level 5 in Staves
 12221 | D:10     | Noticed Erolcha
 12471 | D:10     | Identified the Disquisition on Hexes
 12791 | D:11     | Reached ** piety under Ashenzari
 12791 | D:11     | Noticed a green ugly thing
 12864 | Lair:1   | Entered Level 1 of the Lair of Beasts
 12926 | Lair:1   | Noticed Joseph
 13162 | Lair:1   | Shot with a sling bullet by Joseph

Levels and vault maps discovered:
D:1:      tarquinn_simple_flora_water_c, layout_loops_ring, nrook_mini_vaults
D:2:      minmay_razor_zed, layout_rooms, lemuel_doored_altar, first_ration
D:3:      layout_basic, kennysheep_jessica_study, uniq_robin
D:4:      layout_gridville, ashenzari_conservatory_becter, temple_green,
          minivault_26, uniq_pikel, uniq_purgy
D:5:      layout_cave_pools, nicolae_overflow_hidden_temple,
          gammafunk_temple_overflow_pools, serial_bayou_pond_a, uniq_sigmund,
          uniq_ijyb
D:6:      layout_cave_pods, ebering_ghost_rock_garden,
          kennysheep_generic_room_7, uniq_eustachio
D:7:      lemuel_insect_pit, layout_loops_cross
D:8:      layout_loops_cross, due_lair_maze_entry_diamond,
          gammafunk_ghost_cemetery
D:9:      layout_rooms, bh_circular_ruins
D:10:     layout_basic, uniq_erolcha
D:11:     layout_big_octagon, hangedman_stone_soup,
          nicolae_qazlal_eye_of_the_storm, uniq_psyche, uniq_fannar,
          uniq_nergalle
Temple:   jpeg_temple_clearing
Lair:1:   layout_hall_layers, uniq_joseph

Skill      XL: |  1  2  3  4  5  6  7  8  9 10 |
---------------+-------------------------------+-----
Spellcasting   | 3 4 5 7 8 9 10 | 10.0
Fighting       | 1 2 4 6 |  6.0
Conjurations   | 4 5 6 7 8 |  8.6
Shields        | 2 3 5 |  5.8
Staves         | 3 5 |  5.3
Dodging        | |  1.5
Stealth        | |  1.5

Action                   |  1- 3 |  4- 6 |  7- 9 | 10-12 || total
-------------------------+-------+-------+-------+-------++-------
Melee: Dagger            |    18 |       |       |       ||    18
       Unarmed           |     3 |       |       |       ||     3
       Short sword       |    40 |    86 |    98 |    75 ||   299
 Cast: Magic Dart        |    52 |    91 |    74 |    94 ||   311
       Searing Ray       |     2 |    11 |    63 |    55 ||   131
Invok: Curse Item        |       |       |     1 |       ||     1
  Use: Scroll            |       |       |     6 |     3 ||     9
 Stab: Sleeping          |     1 |     1 |       |       ||     2
Armor: Robe              |    11 |    31 |    28 |    44 ||   114
Dodge: Dodged            |    53 |    85 |    91 |    90 ||   319
Block: Buckler           |       |       |    41 |    53 ||    94

Table legend:
 A = Non-vault XP
 B = Vault XP
 C = Vault XP percentage of total XP
 D = Non-vault monster count
 E = Vault monster count
 F = Vault count percentage of total count
                 A         B        C        D         E       F
            +---------+---------+-------+---------+---------+-------
      Total |    8081 |    2674 |  24.9 |     252 |      43 |  14.6
            +---------+---------+-------+---------+---------+-------
        D:1 |      62 |       0 |   0.0 |      31 |       0 |   0.0
        D:2 |     209 |      40 |  16.1 |      31 |      13 |  29.5
        D:3 |     110 |     747 |  87.2 |      28 |      15 |  34.9
        D:4 |     390 |     136 |  25.9 |       7 |       1 |  12.5
        D:5 |     627 |     261 |  29.4 |      16 |       2 |  11.1
        D:6 |     818 |     241 |  22.8 |      18 |       2 |  10.0
        D:7 |     973 |     193 |  16.6 |      31 |       1 |   3.1
        D:8 |    1880 |    1035 |  35.5 |      18 |       8 |  30.8
        D:9 |    1158 |      21 |   1.8 |      34 |       1 |   2.9
       D:10 |    1854 |       0 |   0.0 |      38 |       0 |   0.0
            +---------+---------+-------+---------+---------+-------
